 Dungeon Crawl Stone Soup version 0.30.0-30-g96aa6591b8 (webtiles) character file.

Game seed: 7403089633161784284

23697 ChadusMaximus the Cleaver (level 12, -34/110 HPs)
             Began as a Minotaur Fighter on June 26, 2023.
             Was a Believer of the Shining One.
             Killed from afar by a storm dragon (44 damage)
             ... with a bolt of lightning
             ... on level 11 of the Dungeon.
             The game lasted 00:13:58 (14277 turns).

ChadusMaximus the Cleaver (Minotaur Fighter)       Turns: 14277, Time: 00:13:59

Health: -34/110    AC: 18    Str: 25    XL:     12   Next: 74%
Magic:  14/15      EV:  7    Int:  5    God:    the Shining One [**....]
Gold:   981        SH: 19    Dex: 11    Spells: 11/11 levels left

rFire   + + .        a - +0 war axe
rCold   . . .        c - +0 buckler
rNeg    + . .        x - +2 plate armour {rF+}
rPois   .            (helmet restricted)
rElec   .            v - +0 cloak
rCorr   .            (no gloves)
SInv    .            (no boots)
Will    .....        q - amulet of reflection Stlth
                     u - ring of protection from fire
HPRegen 0.38/turn    E - +4 ring of slaying
MPRegen 0.14/turn

%: reflection
@: mighty, divinely shielded, glowing, studying Fighting
A: horns 2, retaliatory headbutt
a: Renounce Religion, Divine Shield


You were on level 11 of the Dungeon.
You worshipped the Shining One.
The Shining One was pleased with you.
You visited 4 branches of the dungeon, and saw 17 of its levels.
You also visited: Bailey and Volcano.

You collected 981 gold pieces.

Inventory:

Hand Weapons
 a - a +0 war axe (weapon)
 r - a +0 demon whip of venom
Missiles
 j - 4 boomerangs (quivered)
Armour
 c - a +0 buckler (worn)
 v - a +0 cloak (worn)
 x - a +2 plate armour of fire resistance (worn)
 O - a +0 plate armour
Jewellery
 f - a ring of ice
 q - an amulet of reflection (around neck)
 u - a ring of protection from fire (left hand)
 z - a ring of poison resistance
 E - a +4 ring of slaying (right hand)
 K - an amulet of magic regeneration
Wands
 w - a wand of roots (19)
 y - a wand of flame (14)
 N - a wand of acid (8)
Scrolls
 b - a scroll of noise
 e - 7 scrolls of teleportation
 k - 5 scrolls of blinking
 l - 6 scrolls of fear
 t - 3 scrolls of fog
 A - 2 scrolls of enchant weapon
 B - 3 scrolls of butterflies
 C - 3 scrolls of vulnerability
 H - 5 scrolls of torment
 P - a scroll of silence
Potions
 d - 3 potions of attraction
 g - 8 potions of flight
 h - a potion of berserk rage {unknown}
 i - 3 potions of invisibility {unknown}
 m - 2 potions of lignification
 n - 5 potions of degeneration {unknown}
 o - 4 potions of haste
 p - 5 potions of mutation
 s - 4 potions of heal wounds {unknown}
 F - 4 potions of cancellation {unknown}
 G - a potion of resistance {unknown}
 J - 4 potions of ambrosia {unknown}
 L - 2 potions of magic {unknown}
 M - 2 potions of brilliance {unknown}


   Skills:
 + Level 11.6 Fighting
 * Level 14.9 Axes
 * Level 6.4 Throwing
 + Level 11.3 Armour
 + Level 11.3 Shields
 - Level 5.8 Invocations


You had 11 spell levels left.
You didn't know any spells.
Your spell library contained the following spells:

 Spells                   Type           Power      Damage    Failure   Level
 Shock                    Conj/Air       0%         1d3       99%         1
 Slow                     Hex            0%         N/A       99%         1
 Blink                    Tloc           0%         N/A       100%        2
 Scorch                   Fire           0%         2d5       100%        2
 Static Discharge         Conj/Air       0%         2-2/arc   100%        2
 Sublimation of Blood     Necr           0%         N/A       100%        2
 Confusing Touch          Hex            0%         N/A       100%        3
 Dazzling Flash           Conj/Hex       0%         N/A       100%        3
 Portal Projectile        Hex/Tloc       0%         N/A       100%        3
 Swiftness                Air            0%         N/A       100%        3
 Tukima's Dance           Hex            0%         N/A       100%        3
 Vampiric Draining        Necr           0%         2d6       100%        3
 Airstrike                Air            0%         2d(0-16)  100%        4
 Flame Wave               Conj/Fire      0%         2d4       100%        4
 Manifold Assault         Tloc           0%         N/A       100%        4
 Olgreb's Toxic Radiance  Pois           0%         N/A       100%        4
 Petrify                  Tmut/Erth      0%         N/A       100%        4
 Summon Lightning Spire   Summ/Air       0%         N/A       100%        4
 Agony                    Necr           0%         N/A       100%        5
 Blade Hands              Tmut           0%         N/A       100%        5
 Irradiate                Conj/Tmut      0%         3d11      100%        5
 Silence                  Hex/Air        0%         N/A       100%        5
 Summon Cactus Giant      Summ           0%         N/A       100%        6
 Storm Form               Tmut/Air       0%         N/A       100%        7
 Discord                  Hex            0%         N/A       100%        8
 Ignition                 Fire           0%         3d3       100%        8


Dungeon Overview and Level Annotations

Branches:
Dungeon (12/15)            Temple (1/1) D:7            Lair (3/5) D:11
    Orc (1/2) D:12         Bailey (visited)         Volcano (visited)
  Swamp: Lair:2-3    Shoals: Lair:2-3     Snake: Lair:2-3    Spider: Lair:2-3

Altars:
Ashenzari
Cheibriados
Dithmenos
Elyvilon
Fedhas
Gozag
Hepliaklqana
Kikubaaqudgha
Makhleb
Nemelex Xobeh
Okawaru
Qazlal
Ru
Sif Muna
Trog
Uskayaw
Vehumet
Wu Jian
Xom
Yredelemnul
Zin
The Shining One

Shops:
D:1 (   D:4 *   D:6 [


Innate Abilities, Weirdness & Mutations

You have a pair of horns on your head.
You reflexively headbutt those who attack you in melee.


Message History

The centaur warrior shoots an arrow.
The arrow hits you.
The centaur warrior shoots an arrow.
The arrow hits you!
The centaur warrior shoots an arrow.
The arrow hits you but does no damage.
The storm dragon breathes lightning at you.
The bolt of lightning hits you!!!
* * * LOW HITPOINT WARNING * * *
You block the storm dragon's attack. The storm dragon claws you.
* * * LOW HITPOINT WARNING * * *
The storm dragon tramples you but does no damage.
You climb upwards.
Reactivating autopickup.
There is a stone staircase leading down here.
You feel very mighty all of a sudden.
You block the storm dragon's attack. x2; The storm dragon tramples you!
* * * LOW HITPOINT WARNING * * *
You stumble backwards!
You slash the storm dragon!
The storm dragon is lightly wounded.
The storm dragon bites you.
* * * LOW HITPOINT WARNING * * *
The storm dragon claws you.
* * * LOW HITPOINT WARNING * * *
The storm dragon tramples you but does no damage.
You completely miss the storm dragon.
The storm dragon is lightly wounded.
You block the storm dragon's attack.
The storm dragon claws you but does no damage.
The storm dragon tramples you.
* * * LOW HITPOINT WARNING * * *
You hold your ground!
You barely miss the storm dragon.
You headbutt the storm dragon, but do no damage.
The storm dragon is lightly wounded.
You block the storm dragon's attack. x2
The storm dragon tramples you but does no damage.
You slice the storm dragon!! You headbutt the storm dragon.
The storm dragon is moderately wounded.
The storm dragon breathes lightning at you.
The bolt of lightning hits you!!!
You die...

#.##..# #.........#.#
#.##..# #.#######...#
#.##..#####.# ##..#
#.##........# #..#
#.##.#.#.####### #..#
#......#.......# #..#
####.#########.# #..#
####.#########.#####..#
##...........#.#@.....#
##..######.....#D#.####
##..# #.#.###.#.#
##..#### #.#.# #.#.#
####...# #.#.# #.#.#
≈...#..###.#.# #.#.#
..#....##....###<#<#
.P##...##........#.####
.PP..#................#


You could see a storm dragon (catching breath).

Vanquished Creatures
  A sphinx (D:12)
  A dancing weapon (Volcano)
  A boulder beetle (Lair:2)
  Amaemon (Lair:1)
  5 wizards (Volcano)
  2 cyclopes
  A deep elf pyromancer (D:12)
  A manticore (D:11)
  5 toenail golems (Volcano)
  2 cane toads
  2 black mambas
  An orange demon (Lair:1)
  A gargoyle (D:12)
  A kobold demonologist (D:12)
  3 komodo dragons
  A rime drake (Lair:1)
  5 trolls
  A hornet (D:7)
  Prince Ribbit (D:6)
  A polar bear (Lair:1)
  3 blink frogs (Lair:2)
  A blink frog (shapeshifter) (D:11)
  3 slime creatures (D:12)
  3 shadows
  A wraith (D:11)
  16 yaks
  3 basilisks
  A steam dragon (D:7)
  Eustachio (D:6)
  6 water moccasins
  2 wargs (D:12)
  Duvessa (D:4)
  3 orc warriors (Orc:1)
  3 sky beasts
  2 ice beasts
  A hornet zombie (D:5)
  3 black bears
  2 ogres
  8 centaurs
  2 phantoms (D:5)
  5 kobold brigands
  Blork the orc (D:5)
  4 bullfrogs
  7 scorpions
  A cane toad simulacrum (Lair:1)
  Dowan (D:4)
  14 killer bees
  3 electric eels
  Crazy Yiuf (D:5)
  2 bullfrog zombies (D:5)
  A centaur zombie (D:5)
  4 hounds
  2 jellies
  4 orc priests
  A gnoll bouda (D:6)
  A sleepcap (D:5)
  3 iguanas
  11 orc wizards
  A hound skeleton (D:5)
  A howler monkey skeleton (D:5)
  7 adders
  3 gnolls (D:6)
  A howler monkey zombie (D:5)
  2 white imps
  3 ufetubi
  4 worms
  A dart slug (D:1)
  26 orcs
  10 endoplasms
  2 giant cockroaches
  11 goblins
  8 hobgoblins
  21 kobolds
  3 quokkas
  4 ball pythons
  7 bats
  11 frilled lizards
  2 rats (D:3)
296 creatures vanquished.

Notes
Turn   | Place    | Note
-------+----------+-------------------------------------------
     0 | D:1      | ChadusMaximus the Minotaur Fighter began the quest for the
                  | Orb.
     0 | D:1      | Reached XP level 1. HP: 19/19 MP: 0/0
   180 | D:1      | Reached XP level 2. HP: 18/27 MP: 1/1
   470 | D:1      | Found Qocaprij's Antique Weapon Shoppe.
   479 | D:1      | Reached skill level 3 in Axes
   755 | D:2      | Reached XP level 3. HP: 31/33 MP: 2/2
   849 | D:2      | Found a faded altar of an unknown god.
  1478 | D:3      | Reached XP level 4. HP: 39/40 MP: 3/3
  1681 | D:3      | You fall into a shaft and drop 3 floors!
  1693 | D:6      | Noticed a centaur
  1706 | D:6      | Killed a centaur
  1707 | D:6      | Reached skill level 4 in Axes
  1707 | D:6      | Reached XP level 5. HP: 10/47 MP: 4/4
  1846 | D:5      | Entered Level 5 of the Dungeon
  1933 | D:5      | Noticed a water moccasin
  1941 | D:5      | Killed a water moccasin
  1942 | D:5      | Reached skill level 5 in Fighting
  1942 | D:5      | Reached skill level 5 in Axes
  1942 | D:5      | Reached skill level 5 in Armour
  1942 | D:5      | Reached skill level 5 in Shields
  1942 | D:5      | Reached XP level 6. HP: 56/56 MP: 5/5
  1962 | D:4      | Noticed Dowan
  1962 | D:4      | Noticed Duvessa
  1963 | D:4      | Found a burning altar of Makhleb.
  1963 | D:4      | Found a sparkling altar of Nemelex Xobeh.
  1963 | D:4      | Found a sacrificial altar of Ru.
  1968 | D:4      | Killed Dowan
  1971 | D:4      | Killed Duvessa
  1972 | D:4      | Reached skill level 6 in Axes
  1972 | D:4      | Reached XP level 7. HP: 55/61 MP: 6/6
  1974 | D:4      | Found a blossoming altar of Fedhas.
  2636 | D:4      | Found Hiekkar's General Store.
  2900 | D:3      | Reached skill level 7 in Axes
  3120 | D:5      | Noticed Blork the orc
  3129 | D:5      | Killed Blork the orc
  3130 | D:5      | Reached XP level 8. HP: 60/70 MP: 7/7
  3338 | D:5      | Reached skill level 8 in Axes
  3402 | D:5      | Identified the +6 whip "Mungyute" {vamp, rElec rF- Int+4
                  | Stlth+}
  3479 | D:5      | Found a runed translucent door.
  3480 | D:5      | Noticed Crazy Yiuf
  3971 | D:5      | Reached skill level 9 in Axes
  4111 | D:5      | Killed Crazy Yiuf
  4235 | D:6      | Reached XP level 9. HP: 79/79 MP: 8/8
  4541 | D:6      | Found Cyshre Faphue's Armour Shoppe.
  4616 | D:6      | Noticed Prince Ribbit
  4631 | D:6      | Killed Prince Ribbit
  4661 | D:6      | Noticed Eustachio
  4681 | D:6      | Killed Eustachio
  4682 | D:6      | Reached skill level 10 in Axes
  5075 | D:7      | Found a flagged portal.
  5093 | Bailey   | Entered a bailey
  5307 | D:7      | Found a staircase to the Ecumenical Temple.
  5343 | Temple   | Entered the Ecumenical Temple
  5416 | Temple   | Became a worshipper of the Shining One
  5676 | D:7      | Reached skill level 11 in Axes
  6044 | D:8      | Reached XP level 10. HP: 76/90 MP: 9/9
  6045 | D:8      | Reached skill level 1 in Invocations
  7533 | D:10     | Entered Level 10 of the Dungeon
  7579 | D:10     | Reached * piety under the Shining One
  8404 | D:11     | Noticed a cyclops
  8418 | D:11     | Killed a cyclops
  8419 | D:11     | Reached skill level 12 in Axes
  8632 | D:11     | Noticed a manticore
  8637 | D:11     | Killed a manticore
  8731 | D:11     | Found a staircase to the Lair.
  9105 | D:12     | Reached XP level 11. HP: 81/97 MP: 13/13
  9207 | D:12     | Found a staircase to the Orcish Mines.
  9217 | D:12     | Reached skill level 5 in Invocations
  9723 | D:12     | Noticed a sphinx
  9732 | D:12     | Killed a sphinx
  9733 | D:12     | Reached skill level 10 in Fighting
  9733 | D:12     | Reached skill level 13 in Axes
 10113 | Lair:1   | Entered Level 1 of the Lair of Beasts
 10156 | Lair:1   | Reached ** piety under the Shining One
 10161 | Lair:1   | Reached skill level 10 in Armour
 10161 | Lair:1   | Reached skill level 10 in Shields
 10184 | Lair:1   | Reached skill level 1 in Throwing
 10203 | Lair:1   | Noticed Amaemon
 10219 | Lair:1   | Killed Amaemon
 10220 | Lair:1   | Found a dark tunnel.
 10238 | Volcano  | Entered a volcano
 10452 | Volcano  | Noticed a wizard
 10457 | Volcano  | Killed a wizard
 10493 | Volcano  | Noticed a wizard
 10500 | Volcano  | Killed a wizard
 10509 | Volcano  | Noticed a wizard
 10525 | Volcano  | Killed a wizard
 10542 | Volcano  | Noticed a wizard
 10544 | Volcano  | Noticed a wizard
 10555 | Volcano  | Killed a wizard
 10557 | Volcano  | Killed a wizard
 10618 | Volcano  | Noticed a +2 mace of flaming
 10625 | Volcano  | Reached XP level 12. HP: 98/107 MP: 15/15
 10636 | Volcano  | Reached skill level 14 in Axes
 11696 | Lair:2   | Reached skill level 5 in Throwing
 12367 | Lair:2   | Noticed a boulder beetle
 12401 | Lair:2   | Killed a boulder beetle
 12825 | Lair:2   | Identified a scroll of acquirement
 12829 | Lair:2   | Acquired a manual of Fighting
 13049 | Lair:3   | Noticed a six-headed hydra
 13369 | Orc:1    | Entered Level 1 of the Orcish Mines
 13888 | D:12     | Noticed a storm dragon
 13894 | D:12     | Noticed an ogre mage
 13895 | D:12     | Noticed a centaur warrior
 13910 | D:12     | The Shining One protects you from harm!
 14277 | D:11     | Killed from afar by a storm dragon

Illustrated notes

Levels and vault maps discovered:
D:1:      beargit_arrival_diablo_church, layout_basic, serial_shops,
          nicolae_shop_hallway_stairs
D:2:      cheibrodos_helix_gallery, layout_loops_cross,
          chequers_ecumenical_altar_simple
D:3:      layout_loops_ring
D:4:      layout_basic, grunt_temple_overflow_open, serial_shops,
          kennysheep_little_box, minmay_lizard_king, uniq_duvessa
D:5:      nicolae_BIG_FREAKIN_CUBE, layout_basic, serial_undead,
          serial_undead_a, serial_undead_c, serial_undead_d, serial_undead_a,
          minmay_small_thing, uniq_blork_the_orc, uniq_crazy_yiuf_cottage
D:6:      layout_basic, serial_shops, shop, amcnicky_mini_pool_small,
          uniq_eustachio, uniq_prince_ribbit1
D:7:      layout_basic, temple_pool_b, enter_bailey_4
D:8:      black_bear_nest_2, layout_gridville, small_statue_intersection
D:9:      layout_loops_ring
D:10:     layout_loops_ring
D:11:     layout_loops_ring, dpeg_oklobed_lair, billiards_dpeg
D:12:     minmay_octo_star, layout_long_grid, david_orc_3
Temple:   nicolae_temple_no_exploring_needed
Lair:1:   layout_chaotic_city, portal_ice_cave_entry_ice_simulacra,
          lightli_volcano_entry_magma_tube, uniq_amaemon
Lair:2:   layout_cave_pods, serial_bayou_shore_b, serial_bayou_shore_a,
          lemuel_fruit_tree
Lair:3:   layout_big_grid, minmay_shoals_entry_hut,
          nicolae_spider_entry_tight_spaces, serial_bayou_shore_b
Orc:1:    cheibrodos_orc_arena, layout_caves, gammafunk_ghost_split,
          uniq_erolcha

Skill      XL: |  1  2  3  4  5  6  7  8  9 10 11 12 |
---------------+-------------------------------------+-----
Axes           | 3 4 5 6 7 9 11 12 13 14 | 14.9
Fighting       | 4 5 6 7 8 9 10 11 | 11.6
Armour         | 4 5 6 7 8 9 10 11 | 11.3
Shields        | 4 5 6 7 8 9 10 11 | 11.3
Invocations    | 4 5 |  5.8
Throwing       | 4 6 |  6.4

Action                     |  1- 3 |  4- 6 |  7- 9 | 10-12 || total
---------------------------+-------+-------+-------+-------++-------
  Melee: War axe           |    99 |    28 |   316 |   419 ||   862
         Headbutt          |    11 |     7 |    52 |   130 ||   200
  Throw: Boomerang         |       |       |       |     3 ||     3
 Invoke: Divine Shield     |       |       |       |    10 ||    10
    Use: Potion            |       |     1 |       |     4 ||     5
         Scroll            |       |       |    10 |    12 ||    22
 Armour: Scale mail        |    47 |    21 |   113 |    15 ||   196
         Plate armour      |       |       |       |   174 ||   174
  Dodge: Dodged            |    39 |    17 |   108 |   114 ||   278
  Block: Buckler           |    26 |    19 |   153 |   260 ||   458
         Reflection        |       |       |     2 |    15 ||    17
